Map: Thunderbird LE

Players

Smeeeger - Winner!

  • Race: Zerg Zerg
  • League: Platinum
  • Spawn Location: 5:00

Lemoncup

  • Race: Terran Terran
  • League: Platinum
  • Spawn Location: 11:00

VOD

Have the link to the VOD?

Description

Time

  • Played on: July 26, 2019, 11:12 a.m.
  • Length: 10:19
Show
View Real Time Build Order
Export as new Build Order

Smeeeger Zerg - Winner!

Build Orders: Hatch First 

Get SALT Encoding   

  12  0:01  Drone  
  13  0:13  Overlord  
  13  0:20  Drone  
  14  0:32  Drone x2  
  16  0:36  Drone  
  17  0:45  Drone  
  18  0:58  Hatchery  
  18  1:01  Drone, Extractor  
  17  1:15  Spawning Pool  
  17  1:17  Drone  
  17  1:21  Drone  
  18  1:31  Drone  
  19  1:39  Overlord  
  19  2:02  Queen  
  19  2:03  Zergling x4  
  23  2:10  Queen  
  23  2:11  Zergling x2  
  23  2:15  Drone  
  27  2:16  Metabolic Boost  
  27  2:36  Drone x3  
  27  2:37  Overlord, Queen  
  32  2:48  Drone x2  
  32  2:51  Queen  
  36  2:56  Overlord  
  36  3:07  Overlord  
  36  3:09  Drone x2  
  38  3:31  Drone x4  
  38  3:32  Drone x2, Overlord, Roach Warren  
  43  3:39  Drone x2  
  45  3:45  Drone  
  46  3:50  Drone x2  
  48  4:05  Extractor  
  48  4:07  Extractor  
  48  4:08  Drone x3  
  49  4:12  Evolution Chamber  
  49  4:14  Queen  
  49  4:16  Roach x3  
  56  4:20  Overlord  
  56  4:26  Hatchery  
  56  4:28  Roach  
  56  4:30  Roach  
  56  4:31  Overlord  
  59  4:34  Spore Crawler  
  59  4:37  Spore Crawler, Drone  
  59  4:38  Drone  
  59  4:44  Roach  
  59  4:45  Roach  
  63  4:49  Zergling x2  
  64  4:58  Drone x2  
  66  5:06  Roach x2  
  70  5:14  Overlord x2  
  70  5:24  Drone x2  
  70  5:25  Drone  
  72  5:28  Drone  
  72  5:29  Drone x6  
  74  6:00  Lair  
  74  6:03  Spore Crawler, Extractor  
  72  6:05  Drone x2  
  72  6:06  Spore Crawler x2  
  72  6:08  Overlord x3  
  73  6:11  Drone x6  
  73  6:17  Drone, Queen  
  81  6:21  Drone  
  82  6:27  Zerg Missile Weapons Level 1  
  82  6:31  Drone x3  
  85  6:34  Spore Crawler  
  85  6:37  Spore Crawler  
  83  6:45  Drone  
  83  6:46  Drone x2  
  85  6:56  Drone x2  
  85  6:57  Drone  
  85  6:59  Extractor x2  
  86  7:16  Drone x2, Hydralisk Den  
  86  7:17  Drone x4  
  86  7:18  Overlord x2  
  86  7:22  Overlord  
  91  7:26  Queen  
  91  7:28  Queen  
  91  7:29  Queen  
  97  7:30  Hatchery  
  97  7:34  Overseer  
  97  7:35  Hatchery  
  97  7:36  Glial Reconstitution  
  95  7:46  Grooved Spines, Hydralisk x6  
  95  7:47  Hydralisk x2  
  95  7:48  Hydralisk  
  113  8:10  Hydralisk  
  113  8:11  Hydralisk x6  
  127  8:19  Drone x2  
  130  8:20  Drone x2  
  131  8:42  Hydralisk  
  131  8:43  Hydralisk x5  
  131  8:45  Overlord x4  
  131  8:47  Drone x5  
  148  8:56  Overlord x3  
  148  9:02  Queen  
  141  9:26  Zergling x34  
  141  9:27  Zergling x2  
  159  9:38  Evolution Chamber  
Show
View Real Time Build Order
Export as new Build Order

Lemoncup Terran 

Build Orders: Liberator Opening 

Get SALT Encoding   

  12  0:01  SCV  
  13  0:13  SCV  
  14  0:22  Supply Depot  
  14  0:25  SCV  
  15  0:28  Refinery  
  15  0:44  SCV  
  16  0:51  Barracks  
  16  0:56  SCV  
  17  1:08  SCV  
  18  1:15  Supply Depot  
  18  1:20  SCV  
  19  1:39  Barracks Tech Lab  
  19  1:47  Factory  
  19  1:48  Orbital Command  
  19  1:53  Refinery  
  19  2:01  Marauder  
  21  2:13  SCV  
  22  2:33  Engineering Bay  
  21  2:48  Starport  
  21  2:53  SCV  
  21  2:57  Command Center, Siege Tank  
  25  2:59  Marine  
  25  3:05  SCV  
  27  3:06  Barracks  
  27  3:19  SCV  
  28  3:29  Starport Reactor  
  28  3:30  Siege Tank  
  31  3:44  Supply Depot x2  
  31  3:50  Liberator  
  31  3:54  Engineering Bay  
  31  4:05  Marine x2, SCV  
  37  4:12  Liberator, Orbital Command  
  37  4:23  Marine x2  
  42  4:35  SCV  
  43  4:38  Supply Depot  
  43  4:41  Marine x2  
  43  4:43  Orbital Command  
  45  4:46  Liberator  
  45  5:01  Bunker  
  48  5:12  Viking  
  51  5:14  SCV  
  51  5:17  SCV  
  52  5:26  SCV  
  53  5:29  SCV  
  48  6:03  SCV  
  49  6:07  Supply Depot  
  49  6:08  SCV  
  50  6:12  Refinery  
  50  6:14  Refinery  
  50  6:15  SCV  
  50  6:16  Medivac x2, Fusion Core  
  55  6:20  Barracks Tech Lab, SCV  
  55  6:22  Marine  
  57  6:27  SCV  
  58  6:39  SCV  
  59  6:51  SCV  
  60  6:58  SCV  
  61  7:03  Barracks, SCV  
  61  7:04  Barracks  
  61  7:05  Barracks  
  62  7:12  Command Center, SCV  
  62  7:15  SCV  
  64  7:18  Command Center  
  64  7:24  SCV  
  64  7:27  SCV  
  66  7:31  Terran Infantry Weapons Level 1  
  66  7:34  Stimpack  
  66  7:38  Hellion x2  
  66  7:42  Barracks Reactor  
  66  7:44  SCV  
  71  7:45  SCV  
  71  7:51  Marine  
  73  7:52  Barracks Reactor  
  73  7:56  SCV  
  73  7:57  SCV  
  75  8:24  Battlecruiser  
  81  8:32  Orbital Command  
  81  8:36  Command Center  
  81  8:38  SCV  
  81  8:39  SCV  
  83  8:42  Planetary Fortress  
  83  8:44  Missile Turret  
  83  8:50  SCV  
  84  8:58  Starport  
  84  8:59  Starport  
  84  9:01  Marine  
  84  9:02  Marine x4  
  89  9:03  Marine  
  89  9:04  Marine  
  89  9:06  SCV  
  92  9:10  Supply Depot  
  92  9:14  SCV  
  90  9:19  Marine x2  
  92  9:29  SCV  
  93  9:33  Supply Depot  
  93  9:35  SCV  
  91  9:39  Starport Tech Lab x2  
  91  9:41  SCV  
Tags
 
Add a new tag
Caveats
  • Supply blocks, unpowered buildings, or Contaminate may cause inaccurate times.
  • Supply counts are checked every 10 seconds.